 Dungeon Crawl Stone Soup version 0.31-a0-819-gf6de2f5ab6 (webtiles) character file.

Game seed: 4027842750647628233

8069 qw the Skirmisher (level 11, -3/71 HPs)
             Began as a Gargoyle Hunter on Sept 23, 2023.
             Was an Elder of Okawaru.
             Slain by a cyan ugly thing (5 damage)
             ... on level 9 of the Dungeon.
             The game lasted 00:04:10 (8302 turns).

qw the Skirmisher (Gargoyle Hunter)                 Turns: 8302, Time: 00:04:11

Health: -3/71      AC: 18    Str: 15    XL:     11   Next: 25%
Magic:  14/15      EV: 17    Int: 10    God:    Okawaru [****..]
Gold:   899        SH:  0    Dex: 17    Spells: 10/10 levels left

rFire   + + .        Y - +0 orcbow
rCold   . . .        (shield currently unavailable)
rNeg    + . .        g - +1 leather armour {rF+}
rPois   inf          (no helmet)
rElec   +            n - +0 cloak
rCorr   .            i - +1 pair of gloves
SInv    +            l - +0 pair of boots
Will    .....        m - amulet of faith
Stlth   +++          d - ring of protection from fire
HPRegen 0.31/turn    a - ring of see invisible
MPRegen 0.14/turn

%: faith
@: heroic
A: sickness immunity, AC +8, negative energy resistance 1, electricity
resistance, torment resistance 1, petrification resistance
a: Renounce Religion, Heroism, Finesse


You were on level 9 of the Dungeon.
You worshipped Okawaru.
Okawaru was greatly pleased with you.
You visited 1 branch of the dungeon, and saw 9 of its levels.

You collected 899 gold pieces.


Innate Abilities, Weirdness & Mutations

You are immune to sickness and miasma.
Your stone body is resilient. (AC +8)
You are immune to poison.
You resist negative energy. (rN+)
You are resistant to electric shocks. (rElec)
You are resistant to unholy torment.
You are immune to petrification.


   Skills:
 - Level 9.0(14.0) Fighting
 + Level 13.3(18.3) Ranged Weapons
 - Level 3.4(8.4) Armour
 - Level 4.5(9.5) Dodging
 - Level 1.1(6.1) Stealth
 + Level 5.7 Invocations


You had 10 spell levels left.
You didn't know any spells.
Your spell library was empty.

Inventory:

Hand Weapons
 Y - a +0 orcbow (weapon)
Armour
 g - a +1 leather armour of fire resistance (worn)
 i - a +1 pair of gloves (worn)
 l - a +0 pair of boots (worn)
 n - a +0 cloak (worn)
 o - +0 steam dragon scales
 p - +0 acid dragon scales
Jewellery
 a - a ring of see invisible (right hand)
 c - an amulet of regeneration
 d - a ring of protection from fire (left hand)
 m - an amulet of faith (around neck)
Scrolls
 b - 2 scrolls of identify
Potions
 e - a potion of enlightenment
 f - 2 potions of haste
 h - 3 potions of might
 j - a potion of magic
 k - a potion of curing

Dungeon Overview and Level Annotations

Branches:
Dungeon (9/15)             Temple (0/1) D:5
   Lair: D:8-11         Orc: D:9-12

Altars:
Dithmenos
Hepliaklqana
Okawaru
Ru
Trog
Vehumet
Wu Jian
Xom
Zin
The Shining One

Shops:
D:2 [


Message History

The arrow completely misses the cyan ugly thing.
The arrow closely misses the ice devil.
The arrow hits the sixfirhy!
The sixfirhy is moderately wounded.
The cyan ugly thing bites you! The cyan ugly thing shocks you. You resist.
You shoot an arrow. The arrow hits the cyan ugly thing!
The cyan ugly thing is heavily wounded.
The ice devil disappears in a puff of smoke!
The cyan ugly thing bites you! The cyan ugly thing shocks you. You resist.
You shoot an arrow.
The arrow hits the cyan ugly thing but does no damage.
The cyan ugly thing is heavily wounded.
The kobold demonologist mumbles some strange words.
You shoot an arrow. The arrow hits the cyan ugly thing!
The cyan ugly thing is severely wounded.
The cyan ugly thing bites you. The cyan ugly thing shocks you. You resist.
You shoot an arrow.
The arrow closely misses the cyan ugly thing.
The arrow misses the sixfirhy.
The arrow barely misses the ufetubus.
The cyan ugly thing bites you but does no damage.
You shoot an arrow. The arrow hits the cyan ugly thing.
The cyan ugly thing is severely wounded.
You hear a shout!
The cyan ugly thing bites you but does no damage.
You shoot an arrow.
The arrow closely misses the cyan ugly thing.
The arrow hits the sixfirhy.
The sixfirhy is lightly wounded.
You shoot an arrow.
The arrow barely misses the cyan ugly thing.
The arrow hits the sixfirhy.
The sixfirhy is lightly wounded.
The cyan ugly thing barely misses you.
You shoot an arrow.
The arrow hits the cyan ugly thing but does no damage.
The cyan ugly thing is severely wounded.
The cyan ugly thing misses you.
You shoot an arrow. The arrow hits the cyan ugly thing.
The cyan ugly thing is severely wounded.
The cyan ugly thing bites you.
You die...

....(.. ....... #########
.....u. #######.......#
......u ......#.#####.#
..... ..........###@# ...
#####......##u##<#
#.#.#...#3K..##
#.......5555..#
#.####...5)...#
########.#######..)......
.........)........).)#.#.
.....................?...#
###.#########.#####.>###..


You could see a cyan ugly thing, a kobold demonologist, a sixfirhy (summoned), 2
quasits and 3 ufetubi.

Vanquished Creatures
  3 two-headed ogres (D:9)
  Pikel (D:6)
  A cyclops (D:9)
  A manticore (D:9)
  Maggie (D:8)
  A wraith (D:6)
  A wyvern (D:9)
  A vampire (D:9)
  3 yaks
  A steam dragon (D:8)
  4 water moccasins
  3 acid dragons (D:9)
  2 black bears
  2 ice beasts (D:6)
  3 orc warriors
  3 ogres
  3 sky beasts
  A centaur (D:7)
  2 lemures (D:6)
  A kobold brigand (D:9)
  A bullfrog (D:8)
  2 scorpions
  3 wights (D:8)
  7 killer bees (D:9)
  3 howler monkeys
  A lava snake (D:7)
  3 hounds
  2 jellies
  6 orc priests
  4 iguanas
  9 orc wizards
  10 adders
  5 shadow imps
  A white imp (D:8)
  4 ufetubi
  6 dart slugs
  2 worms (D:4)
  30 orcs
  6 bats
  7 endoplasms
  4 giant cockroaches
  6 goblins
  9 hobgoblins
  13 jackals
  4 quokkas
  7 ball pythons
  2 frilled lizards (D:3)
  11 kobolds
  8 rats
214 creatures vanquished.

Notes
Turn   | Place    | Note
-------+----------+-------------------------------------------
     0 | D:1      | qw the Gargoyle Hunter began the quest for the Orb.
     0 | D:1      | Reached XP level 1. HP: 12/12 MP: 1/1
     0 | D:1      | 0 ||| qw: Version: 0.3-a-83-gcd0e7d8
     0 | D:1      | 0 ||| qw: Game counter: 1703
     0 | D:1      | 0 ||| qw: Melee chars always use a shield: true
     0 | D:1      | 0 ||| qw: God list: Okawaru
     0 | D:1      | 0 ||| qw: Allow faded altars: false
     0 | D:1      | 0 ||| qw: Do Orc after clearing Dungeon:15 true
     0 | D:1      | 0 ||| qw: Do second Lair branch before Depths: true
     0 | D:1      | 0 ||| qw: Lair rune preference: random
     0 | D:1      | 0 ||| qw: Goals: Normal
     0 | D:1      | 0 ||| PLANNING D:1-11
    38 | D:1      | Reached XP level 2. HP: 17/17 MP: 2/2
   104 | D:1      | Found a faded altar of an unknown god.
   374 | D:1      | Reached XP level 3. HP: 20/21 MP: 3/3
   457 | D:1      | Reached skill level 5 in Ranged Weapons
   583 | D:1      | 583 ||| UPGRADING to +0 ring mail.
   593 | D:1      | 593 ||| DROPPING +0 leather armour.
   594 | D:1      | 594 ||| UPGRADING to ring of protection from fire.
   595 | D:1      | 595 ||| READING scroll labelled TOONIF WATWAEPAG.
   596 | D:1      | 596 ||| READING scroll labelled BASYOBR MUCUTS.
   597 | D:1      | 597 ||| READING scroll labelled BIPONL WAIMP.
   598 | D:1      | 598 ||| READING scroll labelled LISAMEM BAAL.
   599 | D:1      | 599 ||| DROPPING scroll of butterflies.
   633 | D:2      | 633 ||| STAIRDANCE
   678 | D:2      | Reached skill level 1 in Armour
   712 | D:2      | Found Jugg's Antique Armour Shoppe.
   715 | D:2      | 715 ||| SHOPLISTING glowing ring mail (154 gold, have 111).
   715 | D:2      | 715 ||| SHOPLISTING pair of runed gloves (165 gold, have
                  | 111).
   715 | D:2      | 715 ||| SHOPLISTING runed ring mail (154 gold, have 111).
   818 | D:2      | Reached skill level 3 in Fighting
   818 | D:2      | Reached XP level 4. HP: 28/28 MP: 4/4
   931 | D:2      | 931 ||| READING scroll of brand weapon.
   931 | D:2      | 931 ||| BRANDING +1 shortbow of flaming.
  1223 | D:2      | 1223 ||| UPGRADING to ring of see invisible.
  1224 | D:2      | 1224 ||| DROPPING ring of flight.
  1225 | D:2      | 1225 ||| READING 2 scrolls labelled WAMOTZ UMOPTIG.
  1226 | D:2      | 1226 ||| READING scroll labelled JYHAHY WIERUO.
  1483 | D:3      | Found a bloodstained altar of Trog.
  1717 | D:3      | HP: 6/28 [iguana (10)]
  1719 | D:3      | HP: 2/28 [iguana (5)]
  1722 | D:3      | Reached XP level 5. HP: 3/32 MP: 5/5
  1967 | D:3      | Reached skill level 6 in Ranged Weapons
  2189 | D:3      | 2189 ||| UPGRADING to amulet of regeneration.
  2194 | D:3      | 2194 ||| READING scroll labelled HUEXAA SESTRITE.
  2260 | D:4      | 2260 ||| RETREEAATING.
  2261 | D:4      | 2261 ||| STILL RETREEAATING.
  2262 | D:4      | 2262 ||| STILL RETREEAATING.
  2264 | D:4      | 2264 ||| STILL RETREEAATING.
  2265 | D:4      | 2265 ||| STILL RETREEAATING.
  2266 | D:4      | 2266 ||| STILL RETREEAATING.
  2268 | D:4      | 2268 ||| STILL RETREEAATING.
  2274 | D:4      | 2274 ||| STILL RETREEAATING.
  2279 | D:4      | HP: 8/33 [orc/+4 dagger of holy wrath (1)]
  2281 | D:4      | HP: 2/33 [orc/+4 dagger of holy wrath (7)]
  2286 | D:4      | HP: 2/33 [orc/+4 dagger of holy wrath (5)]
  2290 | D:4      | Reached XP level 6. HP: 4/38 MP: 6/6
  2291 | D:4      | HP: 1/38 [orc/+4 dagger of holy wrath (6)]
  2413 | D:4      | HP: 3/38 [ogre/+0 giant club (8)]
  2572 | D:4      | Found an iron altar of Okawaru.
  2573 | D:4      | 2573 ||| PLANNING OKAWARU WORSHIP
  2581 | D:4      | Became a worshipper of Warmaster Okawaru
  2582 | D:4      | 2582 ||| PLANNING D:1-11
  2877 | D:4      | Reached skill level 7 in Ranged Weapons
  3357 | D:4      | 3357 ||| UPGRADING to +1 leather armour of fire resistance.
  3367 | D:4      | 3367 ||| DROPPING +0 ring mail.
  3368 | D:4      | 3368 ||| UPGRADING to +1 pair of gloves.
  3398 | D:5      | Entered Level 5 of the Dungeon
  3402 | D:5      | 3402 ||| STAIRDANCE
  3410 | D:5      | 3410 ||| STAIRDANCE
  3422 | D:5      | 3422 ||| STAIRDANCE
  3425 | D:4      | Reached XP level 7. HP: 43/43 MP: 7/7
  3429 | D:5      | 3429 ||| STAIRDANCE
  3516 | D:5      | Reached * piety under Okawaru
  3517 | D:5      | Reached skill level 8 in Ranged Weapons
  3666 | D:5      | 3666 ||| INVOKING Heroism.
  3673 | D:5      | Reached skill level 1 in Invocations
  3698 | D:5      | Found a staircase to the Ecumenical Temple.
  3712 | D:5      | Reached XP level 8. HP: 47/48 MP: 9/9
  3713 | D:5      | Found a glowing silver altar of Zin.
  3740 | D:5      | Found a radiant altar of Vehumet.
  3770 | D:5      | 3770 ||| INVOKING Heroism.
  3808 | D:5      | 3808 ||| SWAPPING to +0 orcbow.
  3816 | D:5      | 3816 ||| DROPPING +1 shortbow of freezing.
  4186 | D:5      | 4186 ||| READING scroll labelled HOEJUNEMOI.
  4187 | D:5      | 4187 ||| READING scroll labelled KENTORASSI.
  4188 | D:5      | 4188 ||| READING 2 scrolls of identify.
  4188 | D:5      | 4188 ||| IDENTIFYING red potion
  4189 | D:5      | 4189 ||| DROPPING potion of lignification.
  4242 | D:6      | Reached skill level 3 in Invocations
  4322 | D:6      | 4322 ||| INVOKING Heroism.
  4480 | D:6      | Found a sacrificial altar of Ru.
  4560 | D:6      | Reached skill level 9 in Ranged Weapons
  4659 | D:6      | 4659 ||| INVOKING Heroism.
  4783 | D:6      | Noticed a wraith
  4805 | D:6      | Killed a wraith
  4806 | D:6      | Reached skill level 6 in Fighting
  4937 | D:6      | Noticed Pikel
  4938 | D:6      | 4938 ||| INVOKING Heroism.
  4949 | D:6      | Killed Pikel
  4949 | D:6      | Reached ** piety under Okawaru
  4950 | D:6      | Reached skill level 10 in Ranged Weapons
  4950 | D:6      | Reached XP level 9. HP: 51/55 MP: 10/12
  5113 | D:6      | Found a glowing golden altar of the Shining One.
  5136 | D:6      | 5136 ||| UPGRADING to +0 pair of boots.
  5141 | D:6      | 5141 ||| READING scroll labelled PIAREW GEURASK.
  5142 | D:6      | 5142 ||| READING scroll labelled YSAAC KOSECWIK.
  5143 | D:6      | 5143 ||| READING 3 scrolls of identify.
  5143 | D:6      | 5143 ||| IDENTIFYING bubbling silvery potion
  5144 | D:6      | 5144 ||| READING 2 scrolls of identify.
  5144 | D:6      | 5144 ||| IDENTIFYING emerald potion
  5198 | D:7      | 5198 ||| INVOKING Heroism.
  5199 | D:7      | 5199 ||| STAIRDANCE
  5403 | D:7      | Reached skill level 3 in Dodging
  5629 | D:7      | Found a hazy altar of Hepliaklqana.
  5726 | D:7      | 5726 ||| FLEEEEING.
  5727 | D:7      | 5727 ||| FLEEEEING.
  5728 | D:7      | 5728 ||| FLEEEEING.
  5735 | D:7      | 5735 ||| FLEEEEING.
  5746 | D:7      | 5746 ||| FLEEEEING.
  5764 | D:7      | 5764 ||| FLEEEEING.
  5921 | D:7      | 5921 ||| UPGRADING to +0 cloak.
  5926 | D:7      | 5926 ||| UPGRADING to amulet of faith.
  5936 | D:7      | 5936 ||| READING 3 scrolls of identify.
  5936 | D:7      | 5936 ||| IDENTIFYING inky potion
  5937 | D:7      | 5937 ||| READING 2 scrolls of identify.
  5937 | D:7      | 5937 ||| IDENTIFYING viscous grey potion
  5949 | D:8      | 5949 ||| RETREEAATING.
  5950 | D:8      | 5950 ||| STILL RETREEAATING.
  5951 | D:8      | 5951 ||| STILL RETREEAATING.
  5952 | D:8      | 5952 ||| INVOKING Heroism.
  5980 | D:8      | 5980 ||| INVOKING Heroism.
  6214 | D:8      | 6214 ||| INVOKING Heroism.
  6219 | D:8      | Reached skill level 11 in Ranged Weapons
  6288 | D:8      | Reached skill level 3 in Armour
  6395 | D:8      | Found an ornate altar of the Wu Jian Council.
  6433 | D:8      | Noticed Maggie
  6453 | D:8      | Killed Maggie
  6454 | D:8      | Reached XP level 10. HP: 50/64 MP: 13/13
  6539 | D:8      | Found a shimmering altar of Xom.
  6956 | D:8      | 6956 ||| RETREEAATING.
  6958 | D:8      | 6958 ||| RETREEAATING.
  6964 | D:8      | 6964 ||| Stepping ~*~*~tactically~*~*~ (retreating).
  6965 | D:8      | 6965 ||| Stepping ~*~*~tactically~*~*~ (retreating).
  6966 | D:8      | 6966 ||| Stepping ~*~*~tactically~*~*~ (retreating).
  6976 | D:8      | 6976 ||| INVOKING Heroism.
  7092 | D:8      | 7092 ||| DROPPING ring of wizardry.
  7093 | D:8      | 7093 ||| READING scroll labelled MIUDYS LUIXULA.
  7094 | D:8      | 7094 ||| DRINKING 2 smoky purple potions.
  7095 | D:8      | 7095 ||| READING 3 scrolls of identify.
  7095 | D:8      | 7095 ||| IDENTIFYING white potion
  7096 | D:8      | 7096 ||| READING 2 scrolls of identify.
  7096 | D:8      | 7096 ||| IDENTIFYING pink potion
  7097 | D:8      | 7097 ||| DROPPING potion of brilliance.
  7098 | D:8      | 7098 ||| DROPPING potion of berserk rage.
  7178 | D:9      | 7178 ||| INVOKING Heroism.
  7179 | D:9      | 7179 ||| STAIRDANCE
  7195 | D:9      | 7195 ||| STAIRDANCE
  7239 | D:9      | 7239 ||| STAIRDANCE
  7241 | D:8      | 7241 ||| INVOKING Heroism.
  7315 | D:9      | Noticed a manticore
  7315 | D:9      | Noticed a cyclops
  7316 | D:9      | 7316 ||| RETREEAATING.
  7318 | D:9      | 7318 ||| RETREEAATING.
  7319 | D:9      | 7319 ||| INVOKING Heroism.
  7325 | D:9      | Killed a cyclops
  7341 | D:9      | Reached skill level 12 in Ranged Weapons
  7464 | D:9      | Found a shadowy altar of Dithmenos.
  7493 | D:9      | 7493 ||| INVOKING Heroism.
  7498 | D:9      | Noticed a two-headed ogre
  7506 | D:9      | Killed a two-headed ogre
  7506 | D:9      | Reached *** piety under Okawaru
  7517 | D:9      | 7517 ||| INVOKING Heroism.
  7541 | D:9      | Killed a manticore
  7543 | D:9      | Noticed a kobold demonologist
  7544 | D:9      | 7544 ||| FLEEEEING.
  7545 | D:9      | 7545 ||| FLEEEEING.
  7546 | D:9      | 7546 ||| FLEEEEING.
  7547 | D:9      | 7547 ||| FLEEEEING.
  7601 | D:9      | 7601 ||| FLEEEEING.
  7602 | D:9      | 7602 ||| FLEEEEING.
  7604 | D:9      | 7604 ||| FLEEEEING.
  7605 | D:9      | 7605 ||| FLEEEEING.
  7606 | D:9      | 7606 ||| FLEEEEING.
  7607 | D:9      | 7607 ||| FLEEEEING.
  7608 | D:9      | 7608 ||| FLEEEEING.
  7609 | D:9      | 7609 ||| FLEEEEING.
  7611 | D:9      | 7611 ||| FLEEEEING.
  7612 | D:9      | 7612 ||| FLEEEEING.
  7613 | D:9      | 7613 ||| STAIRDANCE
  7666 | D:8      | 7666 ||| READING scroll labelled XUSTUCW GUDANU.
  7719 | D:9      | 7719 ||| STAIRDANCE
  7725 | D:9      | 7725 ||| STAIRDANCE
  7725 | D:9      | Noticed a two-headed ogre
  7737 | D:9      | 7737 ||| RETREEAATING.
  7738 | D:9      | 7738 ||| Stepping ~*~*~tactically~*~*~ (retreating).
  7739 | D:9      | 7739 ||| Stepping ~*~*~tactically~*~*~ (retreating).
  7740 | D:9      | 7740 ||| Stepping ~*~*~tactically~*~*~ (retreating).
  7741 | D:9      | 7741 ||| INVOKING Heroism.
  7755 | D:9      | 7755 ||| Stepping ~*~*~tactically~*~*~ (retreating).
  7758 | D:9      | Killed a two-headed ogre
  7758 | D:9      | Reached **** piety under Okawaru
  7759 | D:9      | Reached skill level 13 in Ranged Weapons
  7759 | D:9      | Reached XP level 11. HP: 61/68 MP: 12/14
  7947 | D:9      | 7947 ||| Stepping ~*~*~tactically~*~*~ (retreating).
  7948 | D:9      | 7948 ||| Stepping ~*~*~tactically~*~*~ (retreating).
  7949 | D:9      | 7949 ||| Stepping ~*~*~tactically~*~*~ (retreating).
  7950 | D:9      | 7950 ||| Stepping ~*~*~tactically~*~*~ (retreating).
  7959 | D:9      | 7959 ||| INVOKING Heroism.
  7989 | D:9      | 7989 ||| INVOKING Heroism.
  8175 | D:9      | Noticed a two-headed ogre
  8176 | D:9      | 8176 ||| INVOKING Heroism.
  8191 | D:9      | Killed a two-headed ogre
  8247 | D:9      | 8247 ||| INVOKING Heroism.
  8261 | D:9      | Reached skill level 9 in Fighting
  8273 | D:9      | 8273 ||| FLEEEEING.
  8273 | D:9      | Noticed a cyan ugly thing
  8274 | D:9      | 8274 ||| RETREEAATING.
  8275 | D:9      | 8275 ||| STILL RETREEAATING.
  8278 | D:9      | 8278 ||| Stepping ~*~*~tactically~*~*~ (retreating).
  8286 | D:9      | 8286 ||| INVOKING Heroism.
  8288 | D:9      | Noticed a sixfirhy
  8294 | D:9      | HP: 11/71 [cyan ugly thing (7)]
  8296 | D:9      | HP: 1/71 [cyan ugly thing (5)]
  8302 | D:9      | Slain by a cyan ugly thing

Levels and vault maps discovered:
D:1:      dpeg_arrival_rooms_with_view, layout_rooms,
          hellmonk_ecumenical_altar_crossroads, lemuel_flame_loot_1
D:2:      layout_basic, serial_shops, nicolae_shop_behind_doors,
          serial_corexii_hall, chequers_hall_statues_wall_a,
          corexii_hall_statues_l, corexii_hall_statues_i, minmay_tromino_i4
D:3:      layout_basic, mainiacjoe_overflow_surrounded_room,
          minmay_misc_feat_square, kennysheep_generic_room_11
D:4:      layout_layer_cave, okawaru_gym_becter, grunt_ministairs_3
D:5:      layout_cave_pods, zin_academy, vehumet_altar_wand_db,
          minmay_temple_entry_arrows, hangedman_abyss_or_decor_lesser_grid,
          hangedman_minor_gate_pass
D:6:      layout_loops_ring, nicolae_ru_path_of_blood, tso_altar, uniq_pikel
D:7:      layout_rooms, mainiacjoe_overflow_small_starburst,
          kennysheep_minor_cross
D:8:      layout_layer_cave, mainiacjoe_overflow_large_starburst,
          kennysheep_dice, uniq_maggie
D:9:      minmay_the_grid_3x3 [minmay_the_grid_doors, minmay_the_grid_dragon_a,
          minmay_the_grid_spin_star, minmay_the_grid_empty,
          minmay_the_grid_minigrid_large, minmay_the_grid_tree,
          minmay_the_grid_large_cup, minmay_the_grid_holed_spiral,
          minmay_the_grid_prize_shrinking_boxes], layout_basic, fedhas_altar_2,
          nicolae_dithmenos_through_a_glass_darkly, minmay_fractal_squares_5

Skill      XL: |  1  2  3  4  5  6  7  8  9 10 11 |
---------------+----------------------------------+-----
Ranged Weapons | 5 6 7 8 10 11 13 | 13.3
Armour         | 1 3 |  3.4
Fighting       | 3 4 6 8 9 |  9.0
Dodging        | 2 3 4 |  4.5
Invocations    | 2 4 5 |  5.7
Stealth        | |  1.1

Action                     |  1- 3 |  4- 6 |  7- 9 | 10-12 || total
---------------------------+-------+-------+-------+-------++-------
   Fire: Shortbow          |   103 |   183 |    86 |       ||   372
         Orcbow            |       |       |   325 |   302 ||   627
 Invoke: Heroism           |       |       |     9 |    12 ||    21
    Use: Scroll            |     4 |     4 |     9 |     4 ||    21
         Potion            |       |       |       |     1 ||     1
 Armour: Leather armour    |    14 |     5 |   151 |   122 ||   292
         Ring mail         |    16 |    63 |       |       ||    79
  Dodge: Dodged            |    25 |    45 |   163 |   203 ||   436

Table legend:
 A = Non-vault XP
 B = Vault XP
 C = Vault XP percentage of total XP
 D = Non-vault monster count
 E = Vault monster count
 F = Vault count percentage of total count
                 A         B        C        D         E       F
            +---------+---------+-------+---------+---------+-------
      Total |    4801 |    6727 |  58.4 |     179 |      33 |  15.6
            +---------+---------+-------+---------+---------+-------
        D:1 |      39 |       3 |   7.1 |      22 |       2 |   8.3
        D:2 |      56 |       4 |   6.7 |      18 |       3 |  14.3
        D:3 |     117 |       0 |   0.0 |      28 |       0 |   0.0
        D:4 |     436 |       6 |   1.4 |      29 |       2 |   6.5
        D:5 |     406 |     242 |  37.3 |      15 |       7 |  31.8
        D:6 |     815 |     663 |  44.9 |      11 |       1 |   8.3
        D:7 |    1101 |       0 |   0.0 |      20 |       0 |   0.0
        D:8 |    1013 |     901 |  47.1 |      17 |       5 |  22.7
        D:9 |     818 |    4908 |  85.7 |      19 |      13 |  40.6
            +---------+---------+-------+---------+---------+-------
